 Dungeon Crawl Stone Soup version 0.29-a0-582-ge82337ba6a (webtiles) character file.

Game seed: 14955374848144983359

107 tilp the Grave Robber (level 4, 0/33 HPs)
             Began as a Mummy Necromancer on June 14, 2022.
             Slain by a necrophage (4 damage)
             ... on level 4 of the Dungeon.
             The game lasted 00:04:24 (3390 turns).

tilp the Grave Robber (Mummy Necromancer)           Turns: 3390, Time: 00:04:25

Health: 0/33       AC:  4    Str: 11    XL:     4   Next: 56%
Magic:  8/8        EV: 12    Int: 16    God:
Gold:   225        SH:  0    Dex: 12    Spells: 1/9 levels left

rFire   x . .      SeeInvis .   b - +0 flail
rCold   + . .      Faith    .   (no shield)
rNeg    + + +      Spirit   .   d - +0 robe
rPois   ∞          Reflect  .   (no helmet)
rElec   .          Harm     .   i - +0 cloak
rCorr   .          Rampage  .   e - +0 pair of gloves
Will    .....                   (no boots)
Stlth   ++........              (no amulet)
HPRegen 0.11/turn               (no ring)
MPRegen 0.11/turn               (no ring)

@: no status effects
A: cold resistance 1, negative energy resistance 3, torment resistance 2, heat
vulnerability 1, in touch with death 1, no potions
a: no special abilities


You were on level 4 of the Dungeon.
You visited 1 branch of the dungeon, and saw 4 of its levels.

You collected 225 gold pieces.

Inventory:

Hand Weapons
 a - a +1 short sword
 b - a +0 flail (weapon)
Missiles
 h - 11 boomerangs
 j - 6 poisoned darts (quivered)
 k - 3 javelins
Armour
 d - a +0 robe (worn)
 e - a +0 pair of gloves (worn)
 i - a +0 cloak (worn)
Scrolls
 c - a scroll of fear
 g - a scroll of torment


   Skills:
 + Level 1.9 Fighting
 - Level 2.0 Dodging
 - Level 2.0 Stealth
 - Level 3.0 Spellcasting
 * Level 5.1 Necromancy


You had one spell level left.
You knew the following spells:

 Your Spells              Type           Power      Damage    Failure   Level
a - Necrotize             Necr           100%       1d9       2%          1
b - Vampiric Draining     Necr           28%        2d8       7%          3
c - Animate Dead          Necr           28%        N/A       22%         4

Your spell library contained the following spells:

 Spells                   Type           Power      Damage    Failure   Level
 Apportation              Tloc           4%         N/A       19%         1
 Summon Small Mammal      Summ           8%         N/A       19%         1
 Agony                    Necr           28%        N/A       54%         5


Dungeon Overview and Level Annotations

Branches:
Dungeon (4/15)
 Temple: D:4-7

Altars:


Innate Abilities, Weirdness & Mutations

You are immune to poison.
Your flesh is cold resistant. (rC+)
You are immune to negative energy. (rN+++)
You are immune to unholy pain and torment.
You are vulnerable to heat. (rF-)
You are in touch with the powers of death.
You do not drink.


Message History

The necrophage is moderately damaged.
The necrophage hits you.
* * * LOW HITPOINT WARNING * * *
Your orc skeleton closely misses the orc.
You barely miss the necrophage.
The necrophage is moderately damaged.
The necrophage closely misses you.
Your orc skeleton closely misses the orc.
The necrophage barely misses you.
You closely miss the necrophage.
The necrophage is moderately damaged.
The necrophage barely misses you.
Your orc skeleton closely misses the orc.
You hit the necrophage.
The necrophage is heavily damaged.
Your orc skeleton crumbles into dust!
A hobgoblin comes into view.
The necrophage hits you.
* * * LOW HITPOINT WARNING * * *
The necrophage hits you.
* * * LOW HITPOINT WARNING * * *
You barely miss the necrophage.
The hobgoblin shouts!
Your punch misses the necrophage.
The necrophage is heavily damaged.
The necrophage barely misses you.
You hit the necrophage.
The necrophage is heavily damaged.
The necrophage hits you but does no damage.
Unknown command.
As you read the scroll of fear, it crumbles to dust.
You assume a fearsome visage.
The orc looks frightened! x2
The hobgoblin looks frightened!
The necrophage is unaffected.
The necrophage hits you.
* * * LOW HITPOINT WARNING * * *
Unknown command.
You closely miss the necrophage.
The necrophage is heavily damaged.
The necrophage hits you.
You die...

.###.#..### ..##..#.#
..##....#########
.###......#.....#
................#
.....#..#....#..##
...##..##....##..#
...##..#......#..#
...##.##......##@#
...##.#........#n#
......#........#.#
......##....).##.#####
.......#......#.o#...##
...n...##....##..#....#
.....#n.#....#..o.....#
.....##..n......#.....#
....#######..##.......#


You could see a necrophage and 2 orcs.

Vanquished Creatures
  An iguana (D:4)
  An adder (D:4)
  3 dart slugs
  12 orcs
  4 endoplasms
  3 goblins
  6 hobgoblins
  2 quokkas
  6 ball pythons
  3 bats
  A frilled lizard (D:2)
  5 kobolds
  2 rats (D:1)
49 creatures vanquished.

Vanquished Creatures (collateral kills)
  An endoplasm (D:1)
  A goblin (D:2)
  A rat (D:1)
3 creatures vanquished.

Grand Total: 52 creatures vanquished

Notes
Turn   | Place    | Note
-------+----------+-------------------------------------------
     0 | D:1      | tilp the Mummy Necromancer began the quest for the Orb.
     0 | D:1      | Reached XP level 1. HP: 13/13 MP: 4/4
   288 | D:1      | Reached XP level 2. HP: 20/20 MP: 1/5
  1733 | D:2      | Gained mutation: You are in touch with the powers of death.
                  | [Mummy growth]
  1733 | D:2      | Reached XP level 3. HP: 25/25 MP: 5/7
  1740 | D:2      | Learned a level 3 spell: Vampiric Draining
  2024 | D:2      | Found a faded altar of an unknown god.
  2111 | D:2      | Reached skill level 1 in Fighting
  3062 | D:4      | Reached XP level 4. HP: 29/33 MP: 1/8
  3126 | D:4      | Reached skill level 5 in Necromancy
  3143 | D:4      | Learned a level 4 spell: Animate Dead
  3347 | D:4      | Noticed a necrophage
  3390 | D:4      | Slain by a necrophage

Illustrated notes

Levels and vault maps discovered:
D:1:      dpeg_arrival_line_fractal, layout_basic, minmay_3d_cube
D:2:      layout_loops_corners, hellmonk_ecumenical_altar_run_dry, wad_orctagon
D:3:      layout_loops_ring, minmay_door_square
D:4:      layout_cave_pools, minmay_misc_feat_iff, minmay_stone_trees_large

Skill      XL: |  1  2  3  4 |
---------------+-------------+-----
Stealth        | 2 |  2.0
Spellcasting   | 3 |  3.0
Fighting       | 1 |  1.9
Dodging        | 2 |  2.0
Necromancy     | 5 |  5.1

Action                   |  1- 3 |  4- 6 || total
-------------------------+-------+-------++-------
Melee: Unarmed           |    11 |       ||    11
       Short sword       |     6 |       ||     6
       Flail             |       |    13 ||    13
 Cast: Necrotize         |    80 |    16 ||    96
       Vampiric Draining |     1 |       ||     1
  Use: Scroll            |     7 |     1 ||     8
Armor: Robe              |     5 |     1 ||     6
Dodge: Dodged            |    20 |    11 ||    31

Table legend: (Time is in decaauts)
 A = Elapsed time spent in this place.
 B = Non-inter-level travel time spent in this place.
 C = Inter-level travel time spent in this place.
 D = Time resting spent in this place.
 E = Time spent auto-exploring this place.
 F = Levels seen in this place.
 G = Mean time per level.
                   A        B        C        D        E       F      G
               +--------+--------+--------+--------+--------+-----+--------+
         Total |   3394 |   3344 |     50 |    158 |   2786 |   4 |  848.5 |
       Dungeon |   3394 |   3344 |     50 |    158 |   2786 |   4 |  848.5 |
               +--------+--------+--------+--------+--------+-----+--------+

Top non-repeatable levels by time:
     D:1: 1193 daAuts
     D:2: 1120 daAuts
     D:3: 780 daAuts
     D:4: 299 daAuts
